 Dungeon Crawl Stone Soup version 0.29-a0-362-g5854e031c7 (webtiles) character file.

Game seed: 12811966138901125089

749 siradein the Chiller (level 7, -2/43 (46) HPs)
             Began as a Merfolk Ice Elementalist on Apr 29, 2022.
             Slain by a wight
             ... wielding a +2 flail
              (6 damage)
             ... on level 4 of the Dungeon.
             The game lasted 00:10:53 (4813 turns).

siradein the Chiller (Merfolk Ice Elementalist)     Turns: 4813, Time: 00:10:54

HP:   -2/43 (46)    AC: 12    Str:  9    XL:     7   Next: 77%
MP:   13/15         EV: 12    Int: 21    God:
Gold: 166           SH:  0    Dex: 14    Spells: 6/17 levels left

rFire   x . .      SeeInvis .   m - +10 dagger of Houpeid {vorpal, Will+ Int+5}
rCold   + . .      Faith    .   (no shield)
rNeg    . . .      Spirit   .   i - +0 leather armour
rPois   .          Reflect  .   (no helmet)
rElec   .          Harm     .   d - +0 cloak
rCorr   .          Rampage  .   t - +0 pair of gloves
Will    +....                   (no boots)
Stlth   ++........              (no amulet)
HPRegen 0.14/turn               k - ring of ice
MPRegen 0.14/turn               (no ring)

@: ice-armoured, drained
A: (nimble swimmer 2), mertail
a: no special abilities


You were on level 4 of the Dungeon.
You visited 1 branch of the dungeon, and saw 4 of its levels.

You collected 166 gold pieces.

Inventory:

Hand Weapons
 m - the +10 dagger of Houpeid (weapon) {vorpal, Will+ Int+5}
   (You found it on level 3 of the Dungeon)

   It inflicts extra damage upon your enemies.
   Int:       It affects your intelligence (+5).
   Will:      It increases your willpower.
Armour
 d - a +0 cloak (worn)
 i - a +0 leather armour (worn)
 t - a +0 pair of gloves (worn)
Jewellery
 k - a ring of ice (left hand)
 q - a ring of protection from cold
 s - a ring of wizardry
Wands
 o - a wand of charming (12)
Scrolls
 f - a scroll of identify {unknown}
 g - 3 scrolls of teleportation
 h - a scroll of enchant weapon
 j - a scroll of magic mapping {unknown}
 l - a scroll of torment {unknown}
 p - a scroll of fear {unknown}
Potions
 a - a potion of flight {unknown}
 b - a potion of magic
 c - 4 potions of curing {unknown}
 e - a potion of ambrosia {unknown}
 n - 2 potions of attraction {unknown}
 r - a potion of haste {unknown}


   Skills:
 - Level 2.6 Dodging
 - Level 2.1 Stealth
 + Level 5.5 Spellcasting
 + Level 1.4 Conjurations
 + Level 7.6 Ice Magic


You had 6 spell levels left.
You knew the following spells:

 Your Spells              Type           Power      Damage    Failure   Level
a - Freeze                Ice            100%       1d11      1%          1
b - Frozen Ramparts       Ice            100%       1d12      1%          3
c - Ozocubu's Armour      Ice            54%        N/A       1%          3
d - Hailstorm             Conj/Ice       37%        3d9       22%         4

Your spell library contained the following spells:

 Spells                   Type           Power      Damage    Failure   Level
 Beastly Appendage        Tmut           10%        N/A       14%         1
 Wereblood                Tmut           5%         N/A       22%         2
 Spider Form              Tmut/Pois      5%         N/A       41%         3


Dungeon Overview and Level Annotations

Branches:
Dungeon (4/15)
 Temple: D:4-7

Altars:

Shops:
D:2 [

Annotations:
D:2 1 runed translucent door, Crazy Yiuf
D:3 2 transporters, Taurus's ghost, weakling DECj


Innate Abilities, Weirdness & Mutations

((You are very nimble when in or above water. (Stealth+, EV+, Speed+++)))
Your lower body shifts to a powerful aquatic tail in water.


Message History

There is an open door here.
You see here a +0 spear.
There is an open door, spattered with blood here.
Items here: ( )) †.
Casting: Frozen Ramparts (safe; 1% risk of failure)
Confirm with . or Enter, or press ? or * to list all spells.
You feel a surge of power! A film of ice covers your body!
You hit the wight.
The wight is heavily damaged.
The wight closely misses you.
You hit the wight.
The wight is severely damaged.
You hit the wight.
The wight is moderately damaged.
You hit the wight.
The wight is almost destroyed.
The wight hits you with a +2 flail!
You feel drained. The wight hits you with a +3 dagger.
You completely miss the wight.
The wight is severely damaged.
The wight hits you with a +3 dagger. The wight hits you with a +2 flail.
You feel drained.
You closely miss the wight.
The wight is severely damaged.
The wight misses you. The wight hits you with a +2 flail!
* * * LOW HITPOINT WARNING * * *
You feel drained.
* * * LOW HITPOINT WARNING * * *
Unknown command.
You hit the wight.
You destroy the wight!
The wight misses you.
A wight comes into view. It is wielding a +0 trident.
Unknown command.
Your icy armour will break if you move.
Continue?
Okay, then.
You barely miss the wight.
The wight is moderately damaged.
The wight hits you with a +2 flail.
You die...

#..#...#..........#..#...
#..###'#.########.#####..
#...P#...# .'.).#..#..#..
#....#...# #...'..'..#..
#..P##'#.#########.#####.
#...#(.#..#..#...')(#..#.
#...#.)#..#..#...#[.'.)#.
#..#####.)#'##...#(#####.
#..#...'@z.z.#####.'..'..
#..#)).#+##......)(#..#..
#..###)# ##'#.z##'#####z
#...#.)# #..####(.'.[.#.
#...#..####..'..#..#...#.
#...#.(#..#..#..#####'##.
#..P#'##..#####'#........
#.......)†............w..
###########........#.####


You could see 3 wights.

Vanquished Creatures
  Sigmund (D:4)
  2 ogres (D:4)
  Blork the orc (D:4)
  2 wights (D:4)
  Jessica (D:2)
  3 gnolls (D:4)
  7 adders
  An ufetubus (D:3)
  3 worms
  7 orcs (D:4)
  9 ball pythons
  4 endoplasms
  2 giant cockroaches (D:3)
  7 goblins
  8 hobgoblins
  5 jackals (D:1)
  14 kobolds
  2 quokkas
  10 bats
  3 frilled lizards
  4 rats
96 creatures vanquished.

Vanquished Creatures (others)
  11 plants
11 creatures vanquished.

Grand Total: 107 creatures vanquished

Notes
Turn   | Place    | Note
-------+----------+-------------------------------------------
     0 | D:1      | siradein the Merfolk Ice Elementalist began the quest for
                  | the Orb.
     0 | D:1      | Reached XP level 1. HP: 13/13 MP: 3/3
   203 | D:1      | Reached XP level 2. HP: 19/19 MP: 0/5
   591 | D:1      | Found a faded altar of an unknown god.
  1052 | D:2      | Reached skill level 5 in Ice Magic
  1052 | D:2      | Reached XP level 3. HP: 24/24 MP: 4/7
  1058 | D:2      | Learned a level 3 spell: Frozen Ramparts
  1062 | D:2      | Learned a level 3 spell: Ozocubu's Armour
  1464 | D:2      | Noticed Jessica
  1478 | D:2      | Killed Jessica
  1479 | D:2      | Reached XP level 4. HP: 29/30 MP: 1/8
  1813 | D:2      | Found Xosuapt's Armour Boutique.
  1883 | D:2      | Found a runed translucent door.
  1884 | D:2      | Noticed Crazy Yiuf
  2751 | D:3      | Found a transporter.
  2759 | D:3      | Noticed Taurus's ghost (weakling DECj)
  2784 | D:3      | Identified the +10 dagger of Houpeid {vorpal, Will+ Int+5}
  2828 | D:3      | Reached XP level 5. HP: 35/35 MP: 8/10
  2914 | D:3      | Found a transporter.
  3215 | D:4      | Noticed Blork the orc
  3335 | D:4      | Noticed Sigmund
  3336 | D:4      | Noticed an ogre
  3360 | D:4      | Killed Sigmund
  3361 | D:4      | Reached skill level 6 in Ice Magic
  3361 | D:4      | Reached XP level 6. HP: 9/41 MP: 4/12
  3865 | D:4      | Killed Blork the orc
  3866 | D:4      | Reached skill level 5 in Spellcasting
  3866 | D:4      | Reached skill level 7 in Ice Magic
  3866 | D:4      | Reached XP level 7. HP: 22/46 MP: 3/14
  4266 | D:4      | Learned a level 4 spell: Hailstorm
  4585 | D:4      | Reached skill level 1 in Conjurations
  4813 | D:4      | Slain by a wight

Illustrated notes

Levels and vault maps discovered:
D:1:      nzn_arrival_settlement, layout_loops_ring,
          ebering_ecumenical_altar_box
D:2:      layout_loops_cross, serial_shops, nicolae_shop_advertising_works
          [nicolae_subvault_shop_adworks], uniq_crazy_yiuf_cottage, uniq_jessica
D:3:      layout_basic, gammafunk_ghost_gnarly_gnolls
D:4:      corexii_shantytown, layout_rooms, uniq_sigmund, uniq_blork_the_orc

Skill      XL: |  1  2  3  4  5  6  7 |
---------------+----------------------+-----
Ice Magic      | 5 6 7 |  7.6
Spellcasting   | 3 4 5 |  5.5
Conjurations   | 1 |  1.4
Dodging        | |  2.6
Stealth        | |  2.1

Action                   |  1- 3 |  4- 6 |  7- 9 || total
-------------------------+-------+-------+-------++-------
Melee: Spear             |    14 |     7 |       ||    21
       Dagger            |       |     6 |    14 ||    20
 Cast: Freeze            |    38 |    39 |    21 ||    98
       Frozen Ramparts   |     1 |    11 |     5 ||    17
       Ozocubu's Armour  |       |     5 |     3 ||     8
  Use: Scroll            |       |     2 |       ||     2
 Stab: Sleeping          |     7 |     5 |       ||    12
Armor: Robe              |     8 |       |       ||     8
       Leather armour    |       |    12 |     8 ||    20
Dodge: Dodged            |    19 |    17 |    11 ||    47

Table legend: (Time is in decaauts)
 A = Elapsed time spent in this place.
 B = Non-inter-level travel time spent in this place.
 C = Inter-level travel time spent in this place.
 D = Time resting spent in this place.
 E = Time spent auto-exploring this place.
 F = Levels seen in this place.
 G = Mean time per level.
                   A        B        C        D        E       F      G
               +--------+--------+--------+--------+--------+-----+--------+
         Total |   4806 |   4664 |    142 |    533 |   3353 |   4 | 1201.5 |
       Dungeon |   4806 |   4664 |    142 |    533 |   3353 |   4 | 1201.5 |
               +--------+--------+--------+--------+--------+-----+--------+

Top non-repeatable levels by time:
     D:3: 1508 daAuts
     D:4: 1161 daAuts
     D:2: 1087 daAuts
     D:1: 1049 daAuts
